 Dungeon Crawl Stone Soup version 0.20.0-15-g7f486f2 (webtiles) character file.

674 Inarius the Digger (level 7, 0/43 HPs)
             Began as a Gargoyle Earth Elementalist on June 27, 2017.
             Was a Follower of Vehumet.
             Slain by an orc warrior
             ... wielding a +0 battleaxe
              (13 damage)
             ... on level 4 of the Dungeon.
             The game lasted 00:14:55 (5894 turns).

Inarius the Digger (Gargoyle Earth Elementalist)    Turns: 5894, Time: 00:14:56

Health: 0/43       AC: 16    Str: 12    XL:     7   Next: 59%
Magic:  3/13       EV: 11    Int: 17    God:    Vehumet [*.....]
Gold:   83         SH:  0    Dex: 10    Spells: 4/14 levels left

rFire    . . .     SeeInvis .   s - +0 mace (protect)
rCold    . . .     Gourm    .   (no shield)
rNeg     + . .     Faith    .   A - +0 leather armour
rPois    ∞         Spirit   .   v - +0 helmet
rElec    +         Reflect  .   (no cloak)
rCorr    .         Harm     .   (no gloves)
MR       .....                  (no boots)
Stlth    ++........             F - amulet of magic regeneration
Regen    0.2/turn               (no ring)
MPRegen  0.2/turn               (no ring)

@: protection aura, very slightly contaminated
A: negative energy resistance 1, electricity resistance, unbreathing,
petrification resistance, rot immunity, AC +4
a: Renounce Religion


You were on level 4 of the Dungeon.
You worshipped Vehumet.
Vehumet was aware of your devotion.
You were not hungry.

You visited 1 branch of the dungeon, and saw 5 of its levels.

You collected 187 gold pieces.
You spent 104 gold pieces at shops.

Inventory:

Hand Weapons
 a - a +0 short sword
 s - a +0 mace of protection (weapon)
 u - a +5 mace of holy wrath
 y - a +0 morningstar of crushing
 H - a +0 long sword of freezing
Missiles
 b - 143 stones (quivered)
Armour
 v - a +0 helmet (worn)
 A - a +0 leather armour (worn)
 C - a +0 scale mail
Jewellery
 F - an amulet of magic regeneration (around neck)
Wands
 j - a wand of random effects (39/48)
Scrolls
 f - 6 scrolls of teleportation
 h - a scroll of fog {unknown}
 i - 2 scrolls of magic mapping {unknown}
 k - 2 scrolls of enchant weapon {unknown}
 l - a scroll of blinking {unknown}
 m - a scroll of immolation
 n - 2 scrolls of recharging
 r - a scroll of noise {unknown}
 w - 3 scrolls of amnesia
 x - a scroll of random uselessness {unknown}
 G - 2 scrolls of identify
 J - a scroll of remove curse {unknown}
Potions
 g - 4 potions of curing {unknown}
 o - a potion of haste
 q - a potion of agility {unknown}
 t - 3 potions of might {unknown}
 z - 2 potions of resistance {unknown}
 B - 4 potions of mutation
 D - 2 potions of lignification {unknown}
Books
 e - a book of Geomancy

   Spells                             Type                      Level
   a - Sandblast                      Earth                        1
   b - Passwall                       Transmutation/Earth          2
   c - Stone Arrow                    Conjuration/Earth            3
   d - Petrify                        Transmutation/Earth          4
   e - Lee's Rapid Deconstruction     Earth                        5
 E - a book of Conjurations

   Spells                             Type                      Level
   a - Magic Dart                     Conjuration                  1
   b - Searing Ray                    Conjuration                  2
   c - Dazzling Spray                 Conjuration/Hexes            3
   d - Fulminant Prism                Conjuration/Hexes            4
   e - Force Lance                    Conjuration/Translocation    4
   f - Iskenderun's Mystic Blast      Conjuration                  4
Comestibles
 c - 2 meat rations
 d - 4 bread rations
 p - a royal jelly
 I - 2 chunks of flesh


   Skills:
 * Level 4.1 Fighting
 + Level 2.1 Armour
 - Level 2.0 Dodging
 - Level 2.1 Stealth
 + Level 4.0 Spellcasting
 * Level 2.8 Conjurations
 + Level 1.7 Transmutations
 + Level 5.6 Earth Magic
 * Level 0.3 Evocations


You had 4 spell levels left.
You knew the following spells:

 Your Spells              Type           Power        Failure   Level  Hunger
a - Sandblast             Erth           ###...       1%          1    None
b - Stone Arrow           Conj/Erth      ###...       11%         3    ###....
c - Petrify               Tmut/Erth      ###.....     41%         4    ####...
d - Passwall              Tmut/Erth      ###.......   7%          2    ##.....


Dungeon Overview and Level Annotations

Branches:
Dungeon (5/15)
 Temple: D:4-7

Altars:
Hepliaklqana
Qazlal
Vehumet

Shops:
D:4 !


Innate Abilities, Weirdness & Mutations

You are resistant to torment.
Your stone body is resilient. (AC +4)
You are immune to poison.
You resist negative energy. (rN+)
You are resistant to electric shocks. (rElec)
You can survive without breathing.
You are immune to petrification.
You are immune to rotting.


Message History

Press: ? - help, Shift-Dir - straight line, f/p - orc warrior
Aim: an orc warrior, wielding a battleaxe and wearing a chain mail (lightly wounded)
You miscast Stone Arrow.
You are showered with tiny particles of grit.
The orc warrior hits you with a battleaxe!
* * * LOW HITPOINT WARNING * * *
Casting: Stone Arrow
Confirm with . or Enter, or press ? or * to list all spells.
Aiming: Stone Arrow
Press: ? - help, Shift-Dir - straight line, f/p - orc warrior
Aim: an orc warrior, wielding a battleaxe and wearing a chain mail (lightly wounded)
The stone arrow misses the orc warrior.
The orc warrior closely misses you.
You closely miss the orc warrior.
The orc warrior is lightly wounded.
The orc warrior closely misses you.
You hit the orc warrior but do no damage.
Your weapon exudes an aura of protection.
The orc warrior is lightly wounded.
The orc warrior hits you with a battleaxe!
You die...

##.....#.........#######..#######
#..###...........# #.........
#.## ##..........# ####......
..####...........# #......
.##....#.........# #......
....####.).......# ####### ..###
#.........# ### #.........#
#.......o@# ###########


You could see an orc warrior.

Vanquished Creatures
  The ghost of Overlord the Digger, an amateur GrEE (D:3)
  5 scorpions
  2 orc priests (D:3)
  2 orc wizards (D:3)
  An iguana (D:4)
  A worker ant (D:4)
  A hound skeleton (D:4)
  A hound zombie (D:4)
  Robin (D:1)
  5 adders
  2 adder skeletons (D:4)
  3 adder zombies (D:2)
  A worm (D:2)
  2 dart slugs (D:1)
  12 orcs
  A bat skeleton (D:2)
  A bat zombie (D:2)
  2 giant cockroaches
  20 goblins
  5 hobgoblins
  3 jackals (D:4)
  10 kobolds
  2 quokkas
  A ball python zombie (D:2)
  6 bats
  A frilled lizard (D:1)
  A jackal skeleton (D:5)
  2 leopard gecko skeletons (D:2)
  3 leopard gecko zombies (D:2)
  10 rats
108 creatures vanquished.

Notes
Turn   | Place    | Note
-------+----------+-------------------------------------------
     0 | D:1      | Inarius the Gargoyle Earth Elementalist began the quest for the Orb.
     0 | D:1      | Reached XP level 1. HP: 10/10 MP: 3/3
   266 | D:1      | Reached XP level 2. HP: 11/16 MP: 0/5
   374 | D:1      | Reached skill level 4 in Earth Magic
  1110 | D:1      | Reached XP level 3. HP: 13/20 MP: 6/6
  1887 | D:2      | Reached skill level 1 in Fighting
  2057 | D:2      | Learned a level 3 spell: Stone Arrow
  2182 | D:2      | Reached XP level 4. HP: 26/26 MP: 8/8
  2432 | D:2      | Found a radiant altar of Vehumet.
  2489 | D:2      | Became a worshipper of Vehumet
  2550 | D:2      | Noticed Robin
  2709 | D:1      | Reached skill level 1 in Armour
  2979 | D:1      | Killed Robin
  3339 | D:3      | Reached skill level 1 in Conjurations
  3339 | D:3      | Reached XP level 5. HP: 28/31 MP: 6/9
  3413 | D:3      | Learned a level 4 spell: Petrify
  3416 | D:3      | Learned a level 2 spell: Passwall
  3612 | D:3      | Reached * piety under Vehumet
  3612 | D:3      | Offered knowledge of Shock by Vehumet.
  3621 | D:3      | Reached XP level 6. HP: 14/37 MP: 1/10
  3689 | D:3      | Noticed Overlord's ghost (amateur GrEE)
  3813 | D:3      | Killed Overlord's ghost
  3813 | D:3      | Reached skill level 5 in Earth Magic
  3988 | D:3      | Found a hazy altar of Hepliaklqana.
  4125 | D:3      | Found a stormy altar of Qazlal.
  4516 | D:4      | Reached skill level 1 in Transmutations
  4601 | D:4      | Found Lulysus's Distillery.
  4645 | D:4      | Bought a potion of mutation for 104 gold pieces
  4834 | D:4      | Reached XP level 7. HP: 42/42 MP: 12/12
  5229 | D:5      | Entered Level 5 of the Dungeon
  5894 | D:4      | Slain by an orc warrior

Skill      XL: |  1  2  3  4  5  6  7 |
---------------+----------------------+-----
Earth Magic    | 4 5 |  5.6
Fighting       | 1 2 3 4 |  4.1
Armour         | 1 2 |  2.1
Conjurations   | 1 2 |  2.8
Spellcasting   | 3 4 |  4.0
Transmutations | 1 |  1.7
Dodging        | 2 |  2.0
Stealth        | |  2.1
Evocations     | |  0.3

Action                   |  1- 3 |  4- 6 |  7- 9 || total
-------------------------+-------+-------+-------++-------
Melee: Short sword       |   153 |    85 |       ||   238
       Mace              |       |    24 |    56 ||    80
       Morningstar       |       |    59 |    18 ||    77
 Cast: Sandblast         |    17 |    33 |    10 ||    60
       Stone Arrow       |       |     2 |     3 ||     5
  Use: Scroll            |       |     4 |       ||     4
 Stab: Sleeping          |     1 |     1 |     1 ||     3
       Distracted        |       |     1 |       ||     1
  Eat: Chunk             |     4 |     9 |       ||    13
       Bread ration      |       |       |     1 ||     1
       Fruit             |       |       |     1 ||     1
Armor: Robe              |    77 |    58 |       ||   135
       Leather armour    |       |    36 |    37 ||    73
Dodge: Dodged            |   137 |   196 |    62 ||   395
